 Dungeon Crawl Stone Soup version 0.28.0-53-g5a82cb258f (webtiles) character file.

Game seed: 14985963197107087608

77 issech the Skirmisher (level 4, -1/41 HPs)
             Began as a Minotaur Monk on June 21, 2022.
             Slain by a gnoll
             ... wielding a +0 whip
              (4 damage)
             ... on level 4 of the Dungeon.
             The game lasted 00:04:27 (2025 turns).

issech the Skirmisher (Minotaur Monk)               Turns: 2025, Time: 00:04:28

Health: -1/41      AC:  5    Str: 16    XL:     4   Next: 14%
Magic:  3/3        EV: 13    Int:  7    God:
Gold:   96         SH:  0    Dex: 14    Spells: 3/3 levels left

rFire   . . .      SeeInvis +   j - +1 whip (vamp)
rCold   . . .      Faith    .   (no shield)
rNeg    . . .      Spirit   .   q - +0 leather armour
rPois   .          Reflect  .   t - +2 hat
rElec   .          Harm     .   (no cloak)
rCorr   .          Rampage  .   (no gloves)
Will    +....                   (no boots)
Stlth   ++........              (no amulet)
HPRegen 0.13/turn               m - ring of willpower
MPRegen 0.08/turn               o - ring of see invisible

@: no status effects
A: horns 2, retaliatory headbutt
a: no special abilities


You were on level 4 of the Dungeon.
You visited 1 branch of the dungeon, and saw 4 of its levels.

You collected 96 gold pieces.

Inventory:

Hand Weapons
 a - a +0 hand axe
 e - a +0 hunting sling
 j - a +1 vampiric whip (weapon)
Missiles
 h - 15 sling bullets
 l - 68 stones (quivered)
Armour
 b - a +0 robe
 q - a +0 leather armour (worn)
 t - a +2 hat (worn)
Magical Staves
 f - a staff of conjuration
Jewellery
 m - a ring of willpower (left hand)
 o - a ring of see invisible (right hand)
Wands
 s - a wand of flame (11)
Scrolls
 c - a scroll of amnesia {unknown}
 g - a scroll of immolation {unknown}
 i - 2 scrolls of magic mapping {unknown}
 n - 2 scrolls of identify {unknown}
 p - 2 scrolls of vulnerability {unknown}
 u - a scroll of summoning {unknown}
Potions
 d - 3 potions of lignification {unknown}
 k - 2 potions of curing {unknown}
 r - 3 potions of degeneration {unknown}


   Skills:
 + Level 4.4 Fighting
 + Level 4.1(4.3) Axes
 + Level 1.9(3.2) Maces & Flails
 + Level 0.2 Armour
 + Level 3.8 Dodging
 + Level 2.1 Stealth


You had 3 spell levels left.
You didn't know any spells.
Your spell library was empty.

Dungeon Overview and Level Annotations

Branches:
Dungeon (4/15)
 Temple: D:4-7

Altars:


Innate Abilities, Weirdness & Mutations

You have a pair of horns on your head.
You reflexively headbutt those who attack you in melee.


Message History

You kill the gnoll!
You have reached level 4!
You feel stronger.
You closely miss the gnoll. The gnoll barely misses you.
The gnoll hits you from afar with a +0 halberd.
* * * LOW HITPOINT WARNING * * *
The gnoll barely misses you.
You hear the brisk rusting of a very distant drain.
Found a stone staircase leading down.
An endoplasm comes into view.
The endoplasm quivers.
The endoplasm freezes you.
You are frozen.
* * * LOW HITPOINT WARNING * * *
You hit the endoplasm.
You headbutt the endoplasm, but do no damage.
The endoplasm is moderately wounded.
The endoplasm closely misses you. You furiously retaliate!
You headbutt the endoplasm!
You kill the endoplasm!
Found a stone staircase leading down.
There is a stone staircase leading down here.
You climb downwards.
There is a stone staircase leading up here.
You barely miss the gnoll. You punch the gnoll.
The gnoll is lightly wounded.
The gnoll hits you but does no damage.
You barely miss the gnoll.
The gnoll is lightly wounded.
The gnoll hits you with a +0 whip.
* * * LOW HITPOINT WARNING * * *
You hit the gnoll.
You feel better.
The gnoll is moderately wounded.
The gnoll hits you with a +0 whip.
* * * LOW HITPOINT WARNING * * *
You hit the gnoll. Your headbutt misses the gnoll.
The gnoll is severely wounded.
The gnoll hits you with a +0 whip.
You die...

##+##
##...##
##.....##
#....@..#
#.....g...#
+.........+
#.........#
##.S.....##
##.....##
##...##
....#


You could see a gnoll and an adder (asleep).

Vanquished Creatures
  A hound skeleton (D:2)
  A gnoll (D:3)
  An adder (D:3)
  A dart slug (D:1)
  An orc (D:3)
  4 endoplasms
  3 goblins (D:2)
  3 hobgoblins
  4 jackals (D:1)
  2 quokkas
  2 ball pythons (D:2)
  5 bats
  3 frilled lizards (D:1)
  6 kobolds
  3 rats
40 creatures vanquished.

Notes
Turn   | Place    | Note
-------+----------+-------------------------------------------
     0 | D:1      | issech the Minotaur Monk began the quest for the Orb.
     0 | D:1      | Reached XP level 1. HP: 19/19 MP: 0/0
   321 | D:1      | Found a faded altar of an unknown god.
   333 | D:1      | Reached XP level 2. HP: 17/27 MP: 1/1
   857 | D:2      | Reached XP level 3. HP: 20/33 MP: 2/2
  1762 | D:3      | Reached skill level 1 in Maces & Flails
  1964 | D:3      | Reached XP level 4. HP: 6/41 MP: 3/3
  2025 | D:4      | Slain by a gnoll

Illustrated notes

Levels and vault maps discovered:
D:1:      ncdulo_lavacross, layout_loops_ring, basic_ecumenical_altar
D:2:      layout_basic
D:3:      layout_loops_ring, portal_sewer_entry_b,
          amcnicky_mini_rare_corridor_liquid
D:4:      layout_loops_corners, lemuel_coloured_pillars_altar, minmay_hedge_maze

Skill      XL: |  1  2  3 |
---------------+----------+-----
Fighting       | 4 |  4.4
Axes           | 4 |  4.1
Stealth        | 2 |  2.1
Maces & Flails | 1 |  1.9
Armour         | |  0.2
Dodging        | |  3.8

Action                   |  1- 3 |  4- 6 || total
-------------------------+-------+-------++-------
Melee: Hand axe          |     8 |       ||     8
       Whip              |    85 |     6 ||    91
       Headbutt          |    13 |     1 ||    14
       Punch             |     1 |     1 ||     2
 Stab: Sleeping          |     3 |       ||     3
Armor: Robe              |     8 |       ||     8
       Leather armour    |     7 |     1 ||     8
Dodge: Dodged            |    65 |     3 ||    68
